 Dungeon Crawl Stone Soup version 0.22-a0-346-ga714374 (webtiles) character file.

300 grindst0ne the Sneak (level 6, -1/39 HPs)
             Began as an Octopode Assassin on Apr 6, 2018.
             Slain by an orc (4 damage)
             ... on level 4 of the Dungeon.
             The game lasted 00:02:46 (2628 turns).

grindst0ne the Sneak (Octopode Assassin)            Turns: 2628, Time: 00:02:47

Health: -1/39      AC:  1    Str: 12    XL:     6   Next: 36%
Magic:  6/6        EV: 15    Int: 13    God:
Gold:   156        SH:  0    Dex: 16    Spells: 5/5 levels left

rFire    . . .     SeeInvis .   j - +9 hand axe of Slow Death {pain, rElec Str+2}
rCold    . . .     Gourm    .   (no shield)
rNeg     . . .     Faith    .   (helmet restricted)
rPois    .         Spirit   .   (no amulet)
rElec    +         Reflect  .   (no ring)
rCorr    .         Harm     .   (no ring)
MR       .....                  (no ring)
Stlth    +++++.....             (no ring)
HPRegen  0.13/turn              (no ring)
MPRegen  0.10/turn              (no ring)
                                (no ring)
                                (no ring)

@: no status effects
A: almost no armour, stealthy swim, amphibious, 8 rings, constrict 8, camouflage
1, gelatinous body 1
a: no special abilities


You were on level 4 of the Dungeon.
You were not hungry.

You visited 1 branch of the dungeon, and saw 4 of its levels.

You collected 156 gold pieces.

Inventory:

Hand Weapons
 a - a +2 dagger
 b - a +0 blowgun
 g - a +1 dagger of holy wrath
 j - the +9 hand axe of Slow Death (weapon) {pain, rElec Str+2}
   (You found it on level 4 of the Dungeon)

   In the hands of one skilled in necromantic magic, it inflicts extra damage on
   living creatures.
   It affects your strength (+2).
   It insulates you from electricity.
 q - a +0 club
Missiles
 c - 7 poisoned needles
 d - 2 curare-tipped needles
 s - a throwing net (quivered)
Scrolls
 e - 2 scrolls of magic mapping {unknown}
 h - 2 scrolls of fog {unknown}
 i - 2 scrolls of remove curse {unknown}
 k - 2 scrolls of identify {unknown}
 m - a scroll of random uselessness {unknown}
 n - a scroll of immolation {unknown}
 o - a scroll of enchant weapon {unknown}
 r - a scroll of enchant armour {unknown}
Potions
 p - a potion of resistance {unknown}
Comestibles
 f - 10 rations


   Skills:
 - Level 2.0 Fighting
 - Level 2.0 Short Blades
 + Level 4.0 Throwing
 + Level 3.5 Dodging
 + Level 7.4 Stealth


You had 5 spell levels left.
You didn't know any spells.

Dungeon Overview and Level Annotations

Branches:
Dungeon (4/15)
 Temple: D:4-7

Altars:
Fedhas
Gozag
Uskayaw
Wu Jian
Xom

Annotations:
D:2 exclusion: oklob plant
D:4 Natasha


Innate Abilities, Weirdness & Mutations

You cannot wear most types of armour.
You are very stealthy in the water. (Stealth+)
You are amphibious.
You can wear up to eight rings at the same time.
You can use your tentacles to constrict eight enemies at once.
Your skin changes colour to match your surroundings (Stealth+).
Your rubbery body absorbs attacks. (AC +1, EV +1)


Message History

You hit the orc priest. You grab the orc priest.
The orc priest is moderately wounded.
You constrict the orc priest. The orc priest hits you with a whip.
The orc wizard mumbles some strange words.
The orc wizard flickers and vanishes!
Deactivating autopickup; reactivate with Ctrl-A.
The orc priest hits you with a whip.
You hit the orc priest.
The orc priest is severely wounded.
You slash the orc! You constrict the orc priest.
The orc priest invokes the aid of Beogh against you.
Beogh smites you! The orc hits you.
The orc priest invokes the aid of Beogh against you.
Beogh smites you!
* * * LOW HITPOINT WARNING * * *
You hit the orc priest.
You kill the orc priest!
Your Throwing skill increases to level 4!
You hit the orc but do no damage. The orc hits you.
You die...

#.##.#.#.#..####.#
#.##.........###.#
#.................
####.###.#.#######
#.# #.#.# #.#
#.#.#
#.###...#####
#.##........#
#..@oo......#
####).......#
#.oh....(#
#........#
#........#
#........#
#........#
#........#


You could see an orc priest, Natasha and 2 orcs.

Vanquished Creatures
  A centaur (D:4)
  A scorpion (D:4)
  An orc priest (D:4)
  Terence (D:3)
  A worker ant (D:4)
  4 gnolls
  2 adders
  A worm (D:2)
  A dart slug (D:3)
  A leopard gecko (D:1)
  An orc (D:3)
  9 hobgoblins
  A ball python (D:3)
  3 bats (D:1)
  7 goblins
  2 kobolds
  3 rats (D:1)
40 creatures vanquished.

Notes
Turn   | Place    | Note
-------+----------+-------------------------------------------
     0 | D:1      | grindst0ne the Octopode Assassin began the quest for the Orb.
     0 | D:1      | Reached XP level 1. HP: 14/14 MP: 1/1
     3 | D:1      | Noticed an elephant
     6 | D:1      | Noticed a six-headed hydra
    87 | D:1      | Reached XP level 2. HP: 11/19 MP: 2/2
   551 | D:1      | Reached XP level 3. HP: 24/24 MP: 3/3
   835 | D:2      | Found a shimmering altar of Xom.
   841 | D:2      | Reached skill level 6 in Stealth
   900 | D:2      | Found a blossoming altar of Fedhas.
   920 | D:2      | Noticed an oklob plant
  1042 | D:2      | Found a hide-covered altar of Uskayaw.
  1215 | D:3      | Found an ornate altar of the Wu Jian Council.
  1374 | D:3      | Reached XP level 4. HP: 29/29 MP: 4/4
  1520 | D:3      | Noticed Terence
  1523 | D:3      | Killed Terence
  1773 | D:3      | Reached XP level 5. HP: 6/34 MP: 5/5
  1928 | D:3      | Found an opulent altar of Gozag.
  2311 | D:4      | Noticed a centaur
  2313 | D:4      | Killed a centaur
  2313 | D:4      | Reached skill level 7 in Stealth
  2320 | D:4      | Reached XP level 6. HP: 17/39 MP: 6/6
  2614 | D:4      | Noticed Natasha
  2617 | D:4      | Got a shimmering hand axe
  2618 | D:4      | Identified the +9 hand axe of Slow Death {pain, rElec Str+2} (You found it on level 4 of the Dungeon)
  2628 | D:4      | Slain by an orc

Vault maps used:
D:1:      sevenhm_arrival_forest_fort_small_2
D:2:      overflow_temple_1_default, tgw_fedhas, overflow_temple_1_default,
          first_ration
D:3:      marbit_many_paths, grunt_decor_one_mirror, grunt_gozag_breadcrumbs,
          uniq_terence
D:4:      uniq_natasha, uniq_pikel

Skill      XL: |  1  2  3  4  5  6 |
---------------+-------------------+-----
Dodging        | 2 3 |  3.5
Stealth        | 6 7 |  7.4
Throwing       | 3 4 |  4.0
Fighting       | |  2.0
Short Blades   | |  2.0

Action                   |  1- 3 |  4- 6 || total
-------------------------+-------+-------++-------
Melee: Dagger            |    41 |    25 ||    66
       Constrict         |     9 |     7 ||    16
       Tentacles         |     5 |     5 ||    10
       Hand axe          |       |     3 ||     3
 Fire: Blowgun           |       |     4 ||     4
  Use: Potion            |       |     2 ||     2
 Stab: Sleeping          |    13 |     5 ||    18
  Eat: Chunk             |     1 |     4 ||     5
Armor: Skin              |       |     1 ||     1
Dodge: Dodged            |    12 |    14 ||    26

Table legend:
 A = Spawn XP
 B = Non-spawn XP
 C = Spawn XP percentage of total XP
 D = Spawn monster count
 E = Non-spawn monster count
 F = Spawn count percentage of total count
 G = Total turns spent on level
                    A         B        C        D         E        F      G
               +---------+---------+-------+---------+---------+-------+---------
         Total |       0 |     429 |   0.0 |       0 |      40 |   0.0 |  2628
               +---------+---------+-------+---------+---------+-------+---------
           D:1 |       0 |      42 |   0.0 |       0 |      18 |   0.0 |   665
           D:2 |       0 |      25 |   0.0 |       0 |       6 |   0.0 |   517
           D:3 |       0 |     102 |   0.0 |       0 |      12 |   0.0 |  1129
           D:4 |       0 |     260 |   0.0 |       0 |       4 |   0.0 |   317
               +---------+---------+-------+---------+---------+-------+---------
